SA
BELLEVUE BRUINS @ NEBRASKA PLAINSMEN
06/26/2029
 
TOP OF THE 1ST
Bellevue Bruins batting - Pitching for Nebraska Plainsmen : RHP Enrique Mateo
Pitching: RHP Enrique Mateo
Batting: LHB Juan Romero 0-0: Ball
1-0: Ball
2-0: Swinging Strike
2-1: Ball
3-1: SINGLE (Popup, 4S)
Batting: RHB Ryan Faulkner 0-0: Ball
1-0: Ball
2-0: Ball
3-0: Called Strike
3-1: Foul Ball, location: 2F
3-2: Foul Ball, location: 2F
3-2: Strikes out looking
Juan Romero is caught stealing 2nd base
Batter strikes out.
Batting: SHB Ken Paige 0-0: Called Strike
0-1: Ball
1-1: Foul Ball, location: 2F
1-2: Ball
2-2: Foul Ball, location: 2F
2-2: Ball
3-2: Base on Balls
Batting: LHB Lorenzo Díaz 0-0: Ball
1-0: Called Strike
1-1: Swinging Strike
1-2: Foul Ball, location: 2F
1-2: Ball
2-2: Ball
3-2: SINGLE (Groundball, 6MD)
Ken Paige to second
Ken Paige to third
Batting: RHB Miguel Elías 0-0: Ball
1-0: Ball
2-0: Called Strike
2-1: Ball
3-1: Base on Balls
Lorenzo Díaz to second
Batting: LHB David Muller 0-0: Called Strike
0-1: Called Strike
0-2: Ball
1-2: Foul Ball, location: 2F
1-2: Foul Ball, location: 2F
1-2: Foul Ball, location: 2F
1-2: Foul Ball, location: 2F
1-2: Ground out 4-3 (Groundball, 4M)
Top of the 1st over - 0 runs, 2 hits, 0 errors, 3 left on base; Bellevue 0 - Nebraska 0
BOTTOM OF THE 1ST
Nebraska Plainsmen batting - Pitching for Bellevue Bruins : RHP Loren Berdine
Pitching: RHP Loren Berdine
Batting: SHB Cyrille Baffi 0-0: Called Strike
0-1: Bunted foul
0-2: Ball
1-2: Fly out, F7 (Flyball, 78D)
Batting: LHB Gerardo Ponce de Leon 0-0: DOUBLE (Line Drive, 78D)
Batting: SHB Allen Pandey 0-0: Ball
1-0: Foul Ball, location: 2F
1-1: Ball
2-1: Fly out, F6 (Popup, 6MS)
Batting: SHB Rafael Porfrio 0-0: Ball
1-0: Foul Ball, location: 2F
1-1: Ball
2-1: Ball
3-1: Foul Ball, location: 2F
3-2: Foul Ball, location: 2F
3-2: Base on Balls
Batting: RHB Alco Compagne 0-0: Called Strike
0-1: Foul Ball, location: 2F
0-2: Foul Ball, location: 2F
0-2: Ball
1-2: Ball
2-2: Strikes out swinging
Bottom of the 1st over - 0 runs, 1 hit, 0 errors, 2 left on base; Bellevue 0 - Nebraska 0
TOP OF THE 2ND
Bellevue Bruins batting - Pitching for Nebraska Plainsmen : RHP Enrique Mateo
Batting: LHB Domingo Colón 0-0: Ball
1-0: Ball
2-0: Foul Ball, location: 2F
2-1: Fly out, F6 (Popup, 56)
Batting: RHB Ramón Ramírez 0-0: Called Strike
0-1: Ball
1-1: Ball
2-1: Foul Ball, location: 2F
2-2: Ball
3-2: Foul Ball, location: 2F
3-2: SINGLE (Line Drive, 7S)
Batting: RHB Dennis Shaw 0-0: Foul Ball, location: 2F
0-1: Ball
1-1: Ball
2-1: Called Strike
2-2: Foul Ball, location: 2F
2-2: Foul Ball, location: 2F
2-2: Strikes out swinging
Batting: LHB Juan Romero 0-0: Ball
1-0: Ball
2-0: Called Strike
2-1: Foul Ball, location: 2F
2-2: Foul Ball, location: 2F
2-2: Ball
3-2: Strikes out looking
Top of the 2nd over - 0 runs, 1 hit, 0 errors, 1 left on base; Bellevue 0 - Nebraska 0
BOTTOM OF THE 2ND
Nebraska Plainsmen batting - Pitching for Bellevue Bruins : RHP Loren Berdine
Batting: RHB Shelby Loudenslager 0-0: Foul Ball, location: 2F
0-1: Foul Ball, location: 2F
0-2: Foul Ball, location: 2F
0-2: Ball
1-2: Ground out 1-3 (Groundball, 13)
Batting: RHB Dan Hendricks 0-0: Ball
1-0: Ball
2-0: Foul Ball, location: 2F
2-1: Ball
3-1: Base on Balls
Batting: RHB Calvin Blonke 0-0: Swinging Strike
0-1: Called Strike
0-2: Foul Ball, location: 2F
0-2: Fly out, F7 (Flyball, 78D)
Batting: RHB José Durán 0-0: Ball
1-0: Fly out, F9 (Line Drive, 89M)
Bottom of the 2nd over - 0 runs, 0 hits, 0 errors, 1 left on base; Bellevue 0 - Nebraska 0
TOP OF THE 3RD
Bellevue Bruins batting - Pitching for Nebraska Plainsmen : RHP Enrique Mateo
Batting: RHB Ryan Faulkner 0-0: Called Strike
0-1: Ball
1-1: Ball
2-1: Foul Ball, location: 2F
2-2: Ball
3-2: Base on Balls
Batting: SHB Ken Paige 0-0: Single, Error in OF, E9, batter to second base
Ryan Faulkner to third
Batting: LHB Lorenzo Díaz 0-0: Foul Ball, location: 2F
0-1: Foul Ball, location: 2F
0-2: Foul Ball, location: 2F
0-2: Ground out 1-3 (Groundball, 13S)
Batting: RHB Miguel Elías 0-0: Ball
1-0: Ball
2-0: Foul Ball, location: 2F
2-1: SINGLE (Flyball, 9S)
Ryan Faulkner scores
Ken Paige to third
Batting: LHB David Muller 0-0: Ball
1-0: Called Strike
1-1: Swinging Strike
1-2: Strikes out swinging
Batting: LHB Domingo Colón 0-0: Ball
1-0: Called Strike
1-1: Called Strike
1-2: Foul Ball, location: 2F
1-2: Foul Ball, location: 2F
1-2: Strikes out swinging
Top of the 3rd over - 1 run, 2 hits, 1 error, 2 left on base; Bellevue 1 - Nebraska 0
BOTTOM OF THE 3RD
Nebraska Plainsmen batting - Pitching for Bellevue Bruins : RHP Loren Berdine
Batting: SHB Cyrille Baffi 0-0: Ball
1-0: Foul Ball, location: 2F
1-1: Swinging Strike
1-2: Ground out 3-1 (Groundball, 34S)
Batting: LHB Gerardo Ponce de Leon 0-0: Ball
1-0: DOUBLE (Flyball, 78D)
Batting: SHB Allen Pandey 0-0: Foul Ball, location: 2F
0-1: Swinging Strike
0-2: Ball
1-2: Ball
2-2: Strikes out swinging
Batting: SHB Rafael Porfrio 0-0: Swinging Strike
0-1: Swinging Strike
0-2: Strikes out swinging
Bottom of the 3rd over - 0 runs, 1 hit, 0 errors, 1 left on base; Bellevue 1 - Nebraska 0
TOP OF THE 4TH
Bellevue Bruins batting - Pitching for Nebraska Plainsmen : RHP Enrique Mateo
Batting: RHB Ramón Ramírez 0-0: Ball
1-0: Called Strike
1-1: Fly out, F8 (Flyball, 8LM)
Batting: RHB Dennis Shaw 0-0: Called Strike
0-1: Swinging Strike
0-2: Fly out, F9 (Flyball, 9S)
Batting: LHB Juan Romero 0-0: Called Strike
0-1: Ball
1-1: Ball
2-1: Foul Ball, location: 2F
2-2: Ball
3-2: SINGLE (Flyball, 78S)
Batting: RHB Ryan Faulkner 0-0: Ball
Juan Romero is caught stealing 2nd base
Top of the 4th over - 0 runs, 1 hit, 0 errors, 0 left on base; Bellevue 1 - Nebraska 0
BOTTOM OF THE 4TH
Nebraska Plainsmen batting - Pitching for Bellevue Bruins : RHP Loren Berdine
Batting: RHB Alco Compagne 0-0: Called Strike
0-1: DOUBLE (Flyball, 89D)
Batting: RHB Shelby Loudenslager 0-0: Ball
1-0: Foul Ball, location: 2F
1-1: Swinging Strike
1-2: Fly out, F5 (Popup, 56S)
Batting: RHB Dan Hendricks 0-0: Called Strike
0-1: Swinging Strike
0-2: Ground out 6-3 (Groundball, 6)
Batting: RHB Calvin Blonke 0-0: Ball
1-0: Swinging Strike
1-1: Ground out 6-3 (Groundball, 6)
Bottom of the 4th over - 0 runs, 1 hit, 0 errors, 1 left on base; Bellevue 1 - Nebraska 0
TOP OF THE 5TH
Bellevue Bruins batting - Pitching for Nebraska Plainsmen : RHP Enrique Mateo
Batting: RHB Ryan Faulkner 0-0: Called Strike
0-1: Ball
1-1: Fly out, F7 (Line Drive, 7D)
Batting: SHB Ken Paige 0-0: Ball
1-0: DOUBLE (Groundball, 3L)
Pitching: RHP Pedro Ortíz
Batting: LHB Lorenzo Díaz 0-0: Foul Ball, location: 2F
0-1: Ball
1-1: Fly out, F8 (Flyball, 8LM)
Batting: RHB Miguel Elías 0-0: Ball
1-0: Ball
2-0: Called Strike
2-1: Ball
3-1: Foul Ball, location: 2F
3-2: Strikes out swinging
Top of the 5th over - 0 runs, 1 hit, 0 errors, 1 left on base; Bellevue 1 - Nebraska 0
BOTTOM OF THE 5TH
Nebraska Plainsmen batting - Pitching for Bellevue Bruins : RHP Loren Berdine
Batting: RHB José Durán 0-0: Ball
1-0: Fly out, F1 (Line Drive, 13)
Batting: SHB Cyrille Baffi 0-0: Ball
1-0: SINGLE (Groundball, 34D)
Batting: LHB Gerardo Ponce de Leon 0-0: Fly out, F7 (Flyball, 7D)
Batting: SHB Allen Pandey 0-0: Ball
1-0: Foul Ball, location: 2F
1-1: Ground out 4-3 (Groundball, 4)
Bottom of the 5th over - 0 runs, 1 hit, 0 errors, 1 left on base; Bellevue 1 - Nebraska 0
TOP OF THE 6TH
Bellevue Bruins batting - Pitching for Nebraska Plainsmen : RHP Pedro Ortíz
Batting: LHB David Muller 0-0: Ball
1-0: Fly out, F9 (Line Drive, 89M)
Batting: LHB Domingo Colón 0-0: Ball
1-0: Called Strike
1-1: Ball
2-1: Ball
3-1: Ground out 6-3 (Groundball, 6D)
Batting: RHB Ramón Ramírez 0-0: Ground out 1-3 (Groundball, P)
Top of the 6th over - 0 runs, 0 hits, 0 errors, 0 left on base; Bellevue 1 - Nebraska 0
BOTTOM OF THE 6TH
Nebraska Plainsmen batting - Pitching for Bellevue Bruins : RHP Loren Berdine
Batting: SHB Rafael Porfrio 0-0: Ball
1-0: Ball
2-0: Ball
3-0: Foul Ball, location: 2F
3-1: Ground out 4-3 (Groundball, 4)
Batting: RHB Alco Compagne 0-0: Called Strike
0-1: SINGLE (Groundball, 6MD)
Batting: RHB Shelby Loudenslager 0-0: Swinging Strike
0-1: Foul Ball, location: 2F
0-2: Ball
1-2: Foul Ball, location: 2F
1-2: Ball
2-2: Strikes out swinging
Batting: RHB Dan Hendricks 0-0: Swinging Strike
0-1: Fly out, F7 (Flyball, 78D)
Bottom of the 6th over - 0 runs, 1 hit, 0 errors, 1 left on base; Bellevue 1 - Nebraska 0
TOP OF THE 7TH
Bellevue Bruins batting - Pitching for Nebraska Plainsmen : RHP Pedro Ortíz
Batting: RHB Dennis Shaw 0-0: Called Strike
0-1: Ball
1-1: Ball
2-1: Foul Ball, location: 2F
2-2: Ball
3-2: Base on Balls
Batting: LHB Juan Romero 0-0: Bunted foul
0-1: Sac Bunt - play at first, batter OUT! 5-4
Dennis Shaw to second
Batting: RHB Ryan Faulkner 0-0: Intentional Walk
Batting: SHB Ken Paige 0-0: Ball
1-0: Foul Ball, location: 2F
1-1: Ball
2-1: Ball
3-1: Called Strike
3-2: Fly out, F9 (Flyball, 89S)
Batting: LHB Lorenzo Díaz 0-0: Fly out, F6 (Popup, 6)
Top of the 7th over - 0 runs, 0 hits, 0 errors, 2 left on base; Bellevue 1 - Nebraska 0
BOTTOM OF THE 7TH
Nebraska Plainsmen batting - Pitching for Bellevue Bruins : RHP Loren Berdine
Batting: RHB Calvin Blonke 0-0: Foul Ball, location: 2F
0-1: Ball
1-1: Ball
2-1: Ball
3-1: Fly out, F8 (Flyball, 8LD)
Batting: RHB José Durán 0-0: Called Strike
0-1: Foul Ball, location: 2F
0-2: Ball
1-2: Foul Ball, location: 2F
1-2: DOUBLE (Line Drive, 7LD)
Batting: SHB Cyrille Baffi 0-0: Ball
1-0: Ball
2-0: Ball
Wild Pitch!
José Durán to third
3-0: Called Strike
3-1: Swinging Strike
3-2: Strikes out swinging
Batting: LHB Gerardo Ponce de Leon 0-0: Ground out 3-1 (Groundball, 34S)
Bottom of the 7th over - 0 runs, 1 hit, 0 errors, 1 left on base; Bellevue 1 - Nebraska 0
TOP OF THE 8TH
Bellevue Bruins batting - Pitching for Nebraska Plainsmen : RHP Pedro Ortíz
Batting: RHB Miguel Elías 0-0: Called Strike
0-1: SINGLE (Groundball, 56D)
Batting: LHB David Muller 0-0: Bunted foul
0-1: Bunted foul
0-2: Ball
1-2: Strikes out swinging
Pinch Hitting: LHB Atro Jarvilehto 0-0: Ball
1-0: DOUBLE (Line Drive, 7LM)
Miguel Elías to third
Pinch Hitting: SHB Jorge Ayala 0-0: Intentional Walk
Batting: RHB Dennis Shaw 0-0: Ball
Wild Pitch!
Miguel Elías scores
Atro Jarvilehto to third
Jorge Ayala to second
1-0: Ball
2-0: Called Strike
2-1: Swinging Strike
2-2: Strikes out swinging
Batting: LHB Juan Romero 0-0: Called Strike
0-1: Swinging Strike
0-2: Ball
1-2: Strikes out looking
Top of the 8th over - 1 run, 2 hits, 0 errors, 2 left on base; Bellevue 2 - Nebraska 0
BOTTOM OF THE 8TH
Nebraska Plainsmen batting - Pitching for Bellevue Bruins : RHP Loren Berdine
Now in LF: Atro Jarvilehto
Now in RF: Jorge Ayala
Batting: SHB Allen Pandey 0-0: Called Strike
0-1: Ball
1-1: Fly out, F6 (Line Drive, 6M)
Pitching: LHP Christian Clayton
Batting: SHB Rafael Porfrio 0-0: Ball
1-0: Ground out 5-3 (Groundball, 56)
Batting: RHB Alco Compagne 0-0: Called Strike
0-1: Fly out, F8 (Flyball, 89M)
Bottom of the 8th over - 0 runs, 0 hits, 0 errors, 0 left on base; Bellevue 2 - Nebraska 0
TOP OF THE 9TH
Bellevue Bruins batting - Pitching for Nebraska Plainsmen : RHP Pedro Ortíz
Batting: RHB Ryan Faulkner 0-0: Ground out 3-1 (Groundball, 34)
Batting: SHB Ken Paige 0-0: Foul Ball, location: 2F
0-1: Ball
1-1: SINGLE (Line Drive, 3)
Batting: LHB Lorenzo Díaz 0-0: Ground out 6-3 (Groundball, 6S)
Ken Paige to second
Batting: RHB Miguel Elías 0-0: Foul Ball, location: 2F
0-1: Foul Ball, location: 2F
0-2: DOUBLE (Line Drive, 8RD)
Ken Paige scores
Batting: LHB David Muller 0-0: Swinging Strike
0-1: Foul Ball, location: 2F
0-2: Ball
1-2: Strikes out swinging
Top of the 9th over - 1 run, 2 hits, 0 errors, 1 left on base; Bellevue 3 - Nebraska 0
BOTTOM OF THE 9TH
Nebraska Plainsmen batting - Pitching for Bellevue Bruins : LHP Christian Clayton
Pitching: RHP Brendan Haataja
Batting: RHB Shelby Loudenslager 0-0: Called Strike
0-1: Foul Ball, location: 2F
0-2: Fly out, F2 (Popup, 25F)
Batting: RHB Dan Hendricks 0-0: Ball
1-0: Called Strike
1-1: SINGLE (Line Drive, 34D)
Batting: RHB Calvin Blonke 0-0: Ball
1-0: Called Strike
1-1: Swinging Strike
1-2: Strikes out looking
Batting: RHB José Durán 0-0: Called Strike
0-1: Swinging Strike
0-2: Ball
1-2: Foul Ball, location: 2F
1-2: Strikes out swinging
Bottom of the 9th over - 0 runs, 1 hit, 0 errors, 1 left on base; Bellevue 3 - Nebraska 0
Tuesday, December 19th, 2017 - OOTP Baseball 18.8 Build 76